 Dungeon Crawl Stone Soup version 0.30.0-20-g3b4254fcbd (webtiles) character file.

Game seed: 17484414444937182741

15 Graphine the Grave Robber (level 2, -2/20 HPs)
             Began as a Mummy Necromancer on June 2, 2023.
             Slain by a black bear (3 damage)
             ... on level 2 of the Dungeon.
             The game lasted 00:02:43 (627 turns).

Graphine the Grave Robber (Mummy Necromancer)        Turns: 627, Time: 00:02:45

Health: -2/20      AC:  3    Str: 11    XL:     2   Next: 34%
Magic:  1/6        EV: 12    Int: 14    God:
Gold:   27         SH:  0    Dex: 12    Spells: 5/7 levels left

rFire   x . .        (no weapon)
rCold   + . .        (no shield)
rNeg    + + +        a - +0 robe
rPois   ∞            (no helmet)
rElec   .            (no cloak)
rCorr   .            c - +0 pair of gloves
SInv    .            (no boots)
Will    .....        (no amulet)
Stlth   ++           (no ring)
HPRegen 0.23/turn    (no ring)
MPRegen 0.10/turn

%: faith
@: no status effects
A: cold resistance 1, negative energy resistance 3, torment resistance 2, heat
vulnerability 1, no potions, faith
a: no special abilities


You were on level 2 of the Dungeon.
You visited 1 branch of the dungeon, and saw 2 of its levels.

You collected 27 gold pieces.

Inventory:

Armour
 a - a +0 robe (worn)
 c - a +0 pair of gloves (worn)


   Skills:
 + Level 0.7 Fighting
 - Level 1.5 Dodging
 - Level 1.5 Stealth
 * Level 3.3 Spellcasting
 * Level 4.2 Necromancy


You had 5 spell levels left.
You knew the following spells:

 Your Spells              Type           Power      Damage    Failure   Level
a - Necrotise             Necr           56%        1d6       3%          1
b - Summon Small Mammal   Summ           8%         N/A       22%         1

Your spell library contained the following spells:

 Spells                   Type           Power      Damage    Failure   Level
 Vampiric Draining        Necr           14%        2d7       11%         3
 Apportation              Tloc           4%         N/A       22%         1
 Slow                     Hex            8%         N/A       22%         1
 Animate Dead             Necr           14%        N/A       36%         4
 Confusing Touch          Hex            2%         N/A       54%         3
 Agony                    Necr           14%        N/A       71%         5
 Summon Forest            Summ/Tloc      1%         N/A       99%         5
 Eringya's Noxious Bog    Tmut/Pois      1%         N/A       100%        6
 Summon Hydra             Summ           1%         N/A       100%        7


Dungeon Overview and Level Annotations

Branches:
Dungeon (2/15)

Altars:


Innate Abilities, Weirdness & Mutations

You are immune to poison.
Your flesh is cold resistant. (rC+)
You are immune to negative energy. (rN+++)
You are immune to unholy pain and torment.
You are vulnerable to heat. (rF-)
You do not drink.
You have a special connection with the divine. (Faith)


Message History

The black bear writhes in agony.
A kobold comes into view. It is wielding a +0 dagger.
The kobold closely misses you. The kobold attacks as you move away!
The kobold barely misses you.
Casting: Necrotise (safe; 3% risk of failure)
Confirm with . or Enter, or press ? or * to list all spells.
Aiming: Necrotise (safe; 3% risk of failure)
Press: ? - help, Shift-Dir - straight line, f/p - black bear
Aim: a black bear (weak-willed, chance to affect: 78%)
The kobold writhes in agony.
You kill the kobold!
Unknown command.
Casting: Necrotise (safe; 3% risk of failure)
Confirm with . or Enter, or press ? or * to list all spells.
Aiming: Necrotise (safe; 3% risk of failure)
Press: ? - help, Shift-Dir - straight line, f/p - black bear
Aim: a black bear (weak-willed, chance to affect: 78%)
The black bear writhes in agony.
The black bear bites you.
The black bear claws you but does no damage. x2
Casting: Necrotise (safe; 3% risk of failure)
Confirm with . or Enter, or press ? or * to list all spells.
Aiming: Necrotise (safe; 3% risk of failure)
Press: ? - help, Shift-Dir - straight line, f/p - black bear
Aim: a black bear (lightly wounded, weak-willed, chance to affect: 78%)
The black bear writhes in agony.
The black bear bites you! The black bear claws you.
The black bear barely misses you.
You can't drink.
You aren't carrying any scrolls.
Unknown command.
A worm comes into view.
You feel your willpower return.
The ball python bites something.
The ball python grabs something.
The ball python constricts something.
The black bear attacks as you move away!
The black bear bites you.
* * * LOW HITPOINT WARNING * * *
The black bear claws you.
* * * LOW HITPOINT WARNING * * *
The black bear claws you.
You die...

.... .... ... ...# #.#
...# #.# ...# #.# ###
...###.## #.# #..
......#. #.# #.####.##
!<.# #.####.###.@.....#
.§§###...gS..##h##w.....
#........##..##g##.#..##
.#.......##....SZ.....#
###.#...$.##.##.#####.#
# ##......##.##.#
###.###?..##.##..
h#...........##### #.#
###.#.##


You could see a black bear, a worm, a hobgoblin and a ball python.

Vanquished Creatures
  3 bats
  2 endoplasms (D:1)
  A goblin (D:1)
  2 hobgoblins
  A frilled lizard (D:1)
  2 kobolds
11 creatures vanquished.

Vanquished Creatures (collateral kills)
  A quokka (D:1)
1 creature vanquished.

Grand Total: 12 creatures vanquished

Notes
Turn   | Place    | Note
-------+----------+-------------------------------------------
     0 | D:1      | Graphine the Mummy Necromancer began the quest for the Orb.
     0 | D:1      | Reached XP level 1. HP: 13/13 MP: 4/4
    18 | D:1      | Learned a level 1 spell: Summon Small Mammal
   392 | D:1      | Reached XP level 2. HP: 14/20 MP: 1/6
   579 | D:2      | Noticed a black bear
   627 | D:2      | HP: 1/20 [black bear (1)]
   627 | D:2      | Slain by a black bear

Illustrated notes

Levels and vault maps discovered:
D:1:      lemuel_arrival_lava_pool, layout_rooms
D:2:      layout_loops_cross

Skill      XL: |  1 |
---------------+----+-----
Spellcasting   | 3 |  3.3
Fighting       | |  0.7
Dodging        | |  1.5
Stealth        | |  1.5
Necromancy     | |  4.2

Action                     || total
---------------------------++-------
  Melee: Unarmed           ||    13
   Cast: Necrotise         ||    24
         Summon Small Mamm ||     5
    Use: Scroll            ||     4
 Armour: Robe              ||    11
  Dodge: Dodged            ||    16
